[Event "23rd Alekhine Master 2019"]
[Site "Voronezh"]
[Date "2019.06.20"]
[Round "8.12"]
[White "Moiseenko, Vadim"]
[Black "Schekachikhin, Maksim"]
[Result "1/2-1/2"]
[ECO "E21"]
[WhiteElo "2525"]
[BlackElo "2424"]
[Annotator "ChessBase"]
[PlyCount "80"]
[EventDate "2019.06.12"]
[EventType "swiss"]
[EventCountry "RUS"]
[SourceTitle "playchess.com"]
[Source "ChessBase"]
[SourceQuality "1"]
[TimeControl "40/5400+30:1800+30"]

1. d4 Nf6 2. c4 e6 3. Nc3 Bb4 4. Nf3 c5 5. e3 O-O 6. Bd2 cxd4 7. Nxd4 Nc6 8. a3 Be7 9. Be2 Nxd4 10. exd4 d5 11. c5 Bd7 12. Be3 b6 13. O-O bxc5 14. dxc5 a5 15. b3 Bc6 16. Bb5 Bxb5 17. Nxb5 Qd7 18. Nd4 e5 19. c6 Qc8 20. Nf3 d4 21. Bg5 h6 22. Bh4 Qf5 23. Bg3 Bd6 24. Nxd4 exd4 25. Bxd6 Rfd8 26. Bg3 Ne4 27. Rc1 Rac8 28. Rc4 d3 29. Re1 Nxg3 30. hxg3 d2 31. Re2 Qd3 32. Re3 Qd5 33. Re2 Qd3 34. Re3 Qd5 35. Re2 Qd3 36. Re3 Qd5 37. Re2 Qd3 38. Re3 Qd5 39. Re2 Qd3 40. Re3 Qd5 1/2-1/2

[Event "23rd Alekhine Master 2019"]
[Site "Voronezh"]
[Date "2019.06.20"]
[Round "8.13"]
[White "Harutjunyan, Gevorg"]
[Black "Afanasiev, Nikita"]
[Result "1/2-1/2"]
[ECO "C24"]
[WhiteElo "2446"]
[BlackElo "2524"]
[Annotator "ChessBase"]
[PlyCount "94"]
[EventDate "2019.06.12"]
[EventType "swiss"]
[EventCountry "RUS"]
[SourceTitle "playchess.com"]
[Source "ChessBase"]
[SourceQuality "1"]
[TimeControl "40/5400+30:1800+30"]

1. e4 e5 2. Bc4 Nf6 3. d3 c6 4. Nf3 d5 5. Bb3 Bb4+ 6. Bd2 Bxd2+ 7. Qxd2 dxe4 8. Nxe5 O-O 9. d4 Nbd7 10. Nc3 Qc7 11. Qg5 h6 12. Qg3 Nxe5 13. Qxe5 Qd8 14. O-O-O Re8 15. Qf4 Be6 16. Rhe1 Bxb3 17. axb3 Qa5 18. Kb1 Nd5 19. Nxd5 cxd5 20. f3 Re6 21. c3 Rf6 22. Qe5 Re6 23. Qf4 Rf6 24. Qe5 Re6 25. Qf4 Rae8 26. fxe4 Qb5 27. Qf1 Qxf1 28. Rxf1 Rxe4 29. Kc2 g6 30. Rd2 f5 31. Ra1 a6 32. Ra5 Rd8 33. b4 Rd6 34. b5 axb5 35. Rxb5 b6 36. Kd3 Kf7 37. Re2 Rxe2 38. Kxe2 Ke7 39. Rb3 Kd7 40. Ra3 Re6+ 41. Kd3 f4 42. Ra7+ Kc6 43. Rf7 g5 44. Rf5 Kd6 45. Kd2 Re4 46. Rf6+ Re6 47. Rf5 Re4 1/2-1/2

[Event "23rd Alekhine Master 2019"]
[Site "Voronezh"]
[Date "2019.06.20"]
[Round "8.14"]
[White "Ulko, Jaroslav"]
[Black "Rios, Cristhian Camilo"]
[Result "0-1"]
[ECO "B30"]
[WhiteElo "2438"]
[BlackElo "2513"]
[Annotator "ChessBase"]
[PlyCount "74"]
[EventDate "2019.06.12"]
[EventType "swiss"]
[EventCountry "RUS"]
[SourceTitle "playchess.com"]
[Source "ChessBase"]
[SourceQuality "1"]
[TimeControl "40/5400+30:1800+30"]

1. e4 c5 2. Nf3 Nc6 3. d3 g6 4. g3 Bg7 5. Bg2 e5 6. O-O Nge7 7. Nc3 O-O 8. Nd2 d6 9. Nc4 Be6 10. Nd5 f5 11. a4 Kh8 12. c3 Bg8 13. f4 Qd7 14. Be3 Nxd5 15. exd5 Ne7 16. fxe5 Nxd5 17. Bf2 dxe5 18. Bxc5 Rfd8 19. Qe2 Qc7 20. Qf2 b6 21. Ba3 Rac8 22. Rfe1 e4 23. dxe4 Nf6 24. Nd6 Ng4 25. Qd2 Be5 26. Rad1 Bb3 27. exf5 Bxd1 28. Rxe5 Nxe5 29. Qxd1 Qg7 30. Qd4 Rd7 31. fxg6 Rf8 32. Nf7+ Rfxf7 33. gxf7 Rxd4 34. f8=Q+ Qxf8 35. Bxf8 Rd1+ 36. Bf1 Ng4 37. h3 Ne3 0-1

[Event "23rd Alekhine Master 2019"]
[Site "Voronezh"]
[Date "2019.06.21"]
[Round "9.9"]
[White "Belyakov, Bogdan"]
[Black "Goganov, Aleksey"]
[Result "0-1"]
[ECO "D47"]
[WhiteElo "2483"]
[BlackElo "2559"]
[Annotator "RC"]
[PlyCount "118"]
[EventDate "2019.06.12"]
[EventType "swiss"]
[EventCountry "RUS"]
[SourceTitle "playchess.com"]
[Source "ChessBase"]
[SourceQuality "1"]
[TimeControl "40/5400+30:1800+30"]

1. d4 d5 2. c4 c6 3. Nc3 Nf6 4. e3 e6 5. Nf3 Nbd7 6. Bd3 dxc4 7. Bxc4 b5 8. Bd3 Bd6 9. O-O O-O 10. Bd2 Bb7 11. Rc1 Rc8 12. Ne4 Nxe4 13. Bxe4 Nf6 14. Bd3 c5 15. Bxb5 Bxf3 16. Qxf3 cxd4 17. a4 Rxc1 18. Bxc1 a6 19. Bxa6 Bxh2+ 20. Kh1 Bb8 21. g3 e5 22. e4 Bd6 23. Bg5 Qa8 24. Bxf6 Qxa6 25. Kg2 Bb8 26. Be7 Re8 27. Bc5 Qxa4 28. b4 Ba7 29. Rc1 Bxc5 30. bxc5 Qc6 31. Qd3 h5 32. f3 Rb8 33. Rc2 h4 34. g4 Qf6 35. c6 Qf4 36. Qf1 Qg3+ 37. Kh1 Rc8 38. c7 h3 39. Qf2 Qxf2 40. Rxf2 Rxc7 41. Kh2 Kh7 42. Kxh3 Kg6 43. Kh4 f6 44. g5 f5 45. Ra2 fxe4 46. fxe4 Rc6 47. Kg4 d3 48. Kf3 Rd6 49. Rd2 Kxg5 50. Ke3 Kg4 51. Kf2 Kf4 52. Ke1 Kxe4 53. Rg2 Ra6 54. Rxg7 Ke3 55. Rg3+ Kd4 56. Rg4+ Kc3 57. Rg3 e4 58. Rh3 Ra1+ 59. Kf2 Kd4 0-1

[Event "23rd Alekhine Master 2019"]
[Site "Voronezh"]
[Date "2019.06.21"]
[Round "9.11"]
[White "Svetushkin, Dmitry"]
[Black "Rodin, Dmitrij"]
[Result "1-0"]
[ECO "B43"]
[WhiteElo "2532"]
[BlackElo "2403"]
[Annotator "RC"]
[PlyCount "63"]
[EventDate "2019.06.12"]
[EventType "swiss"]
[EventCountry "RUS"]
[SourceTitle "playchess.com"]
[Source "ChessBase"]
[SourceQuality "1"]
[TimeControl "40/5400+30:1800+30"]

1. e4 c5 2. Nf3 e6 3. Nc3 a6 4. d4 cxd4 5. Nxd4 Qc7 6. Bd3 Nf6 7. f4 d6 8. Qf3 Nbd7 9. g4 h6 10. Be3 b5 11. h4 b4 12. Nce2 e5 13. Nf5 g6 14. Nfg3 Nc5 15. f5 gxf5 16. Bxc5 Qxc5 17. Nxf5 Rg8 18. Nxh6 Bxh6 19. Qxf6 Be3 20. g5 Be6 21. g6 Rxg6 22. Qh8+ Ke7 23. Qxa8 Bh6 24. Rf1 a5 25. Rd1 Rg2 26. Qh8 Bf4 27. Rxf4 exf4 28. Nd4 Rh2 29. Bb5 Bg4 30. Nc6+ Ke6 31. Nd8+ Ke7 32. Qe8+ 1-0

[Event "23rd Alekhine Master 2019"]
[Site "Voronezh"]
[Date "2019.06.21"]
[Round "9.12"]
[White "Shariyazdanov, Andrey"]
[Black "Tologontegin, Semetey"]
[Result "0-1"]
[ECO "A40"]
[WhiteElo "2526"]
[BlackElo "2386"]
[Annotator "RC"]
[PlyCount "66"]
[EventDate "2019.06.12"]
[EventType "swiss"]
[EventCountry "RUS"]
[SourceTitle "playchess.com"]
[Source "ChessBase"]
[SourceQuality "1"]
[TimeControl "40/5400+30:1800+30"]

1. d4 e6 2. c4 b6 3. a3 Bb7 4. Nc3 f5 5. d5 Nf6 6. g3 Be7 7. Bg2 a5 8. Nh3 Na6 9. Nf4 exd5 10. Nfxd5 Nxd5 11. Nxd5 Bc6 12. e4 O-O 13. O-O fxe4 14. Bxe4 Nc5 15. Bc2 Bf6 16. h4 d6 17. Rb1 a4 18. Re1 Qd7 19. Bf4 Rf7 20. Kh2 Raf8 21. Be3 Bd8 22. f4 Bf6 23. h5 Bb7 24. Bxc5 bxc5 25. Qd3 g5 26. hxg6 Rg7 27. gxh7+ Kh8 28. Qf5 Qd8 29. Nxf6 Rxf6 30. Qh5 Bc6 31. Re3 Qf8 32. Rf1 Re7 33. Rxe7 Rh6 0-1